 Dungeon Crawl Stone Soup version 0.32-a0-953-g508020473e (webtiles) character file.

Game seed: 2398185691912322271

1075 zazu2006 the Nimble (level 8, -2/58 HPs)
             Began as a Gnoll Wanderer on Apr 16, 2024.
             Was an Initiate of Vehumet.
             Slain by a yak (8 damage)
             ... on level 7 of the Dungeon.
             The game lasted 00:12:46 (2819 turns).

zazu2006 the Nimble (Gnoll Wanderer)                Turns: 2819, Time: 00:12:47

Health: -2/58      AC: 10    Str: 13    XL:     8   Next: 29%
Magic:  12/14      EV: 13    Int: 13    God:    Vehumet [......]
Gold:   143        SH:  0    Dex: 11    Spells: 14/15 levels left

rFire   . . .        h - +2 flail (holy)
rCold   . . .        (no shield)
rNeg    . . .        q - +0 leather armour
rPois   .            a - +0 helmet
rElec   .            m - +0 cloak
rCorr   .            k - +0 pair of gloves
SInv    .            c - +0 pair of boots
Will    .....        (no amulet)
Stlth   ++           (no ring)
HPRegen 0.29/turn    (no ring)
MPRegen 0.14/turn

%: no passive effects
@: brilliant
A: fangs 1, strong nose, distributed training, iridescent scales 1, evolution 1
a: Renounce Religion


You were on level 7 of the Dungeon.
You worshipped Vehumet.
Vehumet was noncommittal.
You visited 2 branches of the dungeon, and saw 8 of its levels.

You collected 143 gold pieces.

Inventory:

Hand Weapons
 h - a +2 flail of holy wrath (weapon)
Armour
 a - a +0 helmet (worn)
 c - a +0 pair of boots (worn)
 k - a +0 pair of gloves (worn)
 m - a +0 cloak (worn)
 q - a +0 leather armour (worn)
Wands
 b - a wand of flame (3)
 f - a wand of charming (8)
Scrolls
 e - a scroll of acquirement {unknown}
 g - a scroll of vulnerability {unknown}
 o - a scroll of teleportation {unknown}
 p - a scroll of immolation
 s - a scroll of fog {unknown}
 t - a scroll of noise {unknown}
 u - a scroll of enchant armour {unknown}
 v - a scroll of enchant weapon {unknown}


   Skills:
 + Level 3.2 Fighting
 + Level 3.2 Short Blades
 + Level 3.2 Long Blades
 + Level 3.2 Axes
 + Level 3.2 Maces & Flails
 + Level 3.2 Polearms
 + Level 3.2 Staves
 + Level 3.2 Ranged Weapons
 + Level 3.2 Throwing
 + Level 3.2 Armour
 + Level 9.2 Dodging
 + Level 3.2 Stealth
 + Level 3.2 Shields
 + Level 3.2 Unarmed Combat
 + Level 4.3 Spellcasting
 + Level 2.6 Conjurations
 + Level 2.6 Hexes
 + Level 4.7 Summonings
 + Level 2.6 Necromancy
 + Level 2.6 Translocations
 + Level 2.6 Fire Magic
 + Level 2.6 Ice Magic
 + Level 4.7 Air Magic
 + Level 2.6 Earth Magic
 + Level 2.6 Alchemy
 + Level 3.6 Invocations
 + Level 3.2 Evocations
 + Level 4.0 Shapeshifting


You had 14 spell levels left.
You knew the following spells:

 Your Spells              Type           Power      Damage    Failure   Level
a - Shock                 Conj/Air       72%        1d7       5%          1

Your spell library contained the following spells:

 Spells                   Type           Power      Damage    Failure   Level
 Summon Small Mammal      Summ           88%        N/A       3%          1
 Summon Ice Beast         Ice/Summ       18%        N/A       17%         3
 Airstrike                Air            11%        2d(2-18)  36%         4
 Vhi's Electric Charge    Tloc/Air       36%        N/A       50%         4


Dungeon Overview and Level Annotations

Branches:
Dungeon (7/15)             Temple (1/1) D:6

Altars:
Ashenzari
Gozag
Makhleb
Nemelex Xobeh
Okawaru
Qazlal
Ru
Sif Muna
Trog
Uskayaw
Vehumet
Wu Jian
Xom
Zin

Annotations:
D:5 Duvessa


Innate Abilities, Weirdness & Mutations

You have very sharp teeth.
Your uncanny sense of smell can sniff out nearby items.
Your experience applies equally to all skills.
You are partially covered in iridescent scales. (AC +2)
You have hidden genetic potential.


Message History

The yak gores you!
You sock the yak!
The yak is severely wounded.
The yak closely misses you. The yak misses you.
You barely miss the yak.
The yak is severely wounded.
The yak gores you but does no damage.
You closely miss the yak.
The yak is severely wounded.
The yak gores you!
* * * LOW HITPOINT WARNING * * *
It was a potion of resistance.
You feel protected. The yak gores you.
* * * LOW HITPOINT WARNING * * *
It was a potion of cancellation.
Your magical effects are unravelling.
You feel magically purged.
Your resistance to elements expires.
The yak gores you but does no damage.
It was a potion of brilliance.
You feel clever all of a sudden. The yak gores you.
* * * LOW HITPOINT WARNING * * *
It was a potion of mutation.
You feel extremely strange.
You feel a hidden potential growing inside you.
Iridescent scales grow over part of your body.
The yak barely misses you. The yak attacks as it pursues you!
The yak gores you.
* * * LOW HITPOINT WARNING * * *
As you read the scroll labelled BAILEH RILES, it crumbles to dust.
The creatures around you are filled with an inner flame!
It was a scroll of immolation.
The yak completely misses you. The yak attacks as it pursues you!
The yak gores you.
* * * LOW HITPOINT WARNING * * *
As you read the scroll labelled HAODAOWUSA, it crumbles to dust.
It is a scroll of amnesia.
Okay, then.
The yak gores you!
You die...

#.##.#..##.####...........
#.................#.######
######..#######....##
#......# #...### #Y####.#
#.....# #.# #.# #...#.#
#.# #.# #.)<#.#
#Y####.###...#.#
#.YY@........#.#
######)###.#.#.######
#.###......<....
#........>......
#######.#.#####. #.#.##
##. #....###.. #.........
##...##...


You could see 3 yaks.

Vanquished Creatures
  2 black bears (D:5)
  An ogre (D:5)
  2 centaurs (D:7)
  A phantom (D:4)
  2 scorpions
  Dowan (D:5)
  A wight (D:7)
  2 bombardier beetles
  An orc priest (D:7)
  An orc wizard (D:7)
  3 sleepcaps
  Ijyb (D:5)
  2 adders
  4 gnolls (D:5)
  A white imp (D:7)
  2 ufetubi (D:5)
  A ribbon worm (D:2)
  7 orcs
  A ball python (D:2)
  2 bats
  5 endoplasms
  3 giant cockroaches
  4 hobgoblins
  6 jackals
  5 kobolds
  3 quokkas
  3 goblins
67 creatures vanquished.

Notes
Turn   | Place    | Note
-------+----------+-------------------------------------------
     0 | D:1      | zazu2006 the Gnoll Wanderer began the quest for the Orb.
     0 | D:1      | zazu2006 set off with the following items: a +0 dagger, a
                  | potion of berserk rage, a +0 robe, a +0 cloak; and the
                  | following spells available to memorise: Summon Small
                  | Mammal, Shock, Summon Ice Beast, Airstrike, Vhi's Electric
                  | Charge.
     0 | D:1      | Reached XP level 1. HP: 13/13 MP: 4/4
    14 | D:1      | Learned a level 1 spell: Shock
   170 | D:2      | Reached XP level 2. HP: 19/20 MP: 1/5
   308 | D:2      | Reached XP level 3. HP: 17/25 MP: 0/7
   628 | D:3      | Reached skill level 1 in Invocations
  1017 | D:4      | Noticed a phantom
  1033 | D:4      | Killed a phantom
  1034 | D:4      | Reached skill level 1 in Fighting
  1034 | D:4      | Reached skill level 1 in Short Blades
  1034 | D:4      | Reached skill level 1 in Long Blades
  1034 | D:4      | Reached skill level 1 in Axes
  1034 | D:4      | Reached skill level 1 in Maces & Flails
  1034 | D:4      | Reached skill level 1 in Polearms
  1034 | D:4      | Reached skill level 1 in Staves
  1034 | D:4      | Reached skill level 1 in Ranged Weapons
  1034 | D:4      | Reached skill level 1 in Throwing
  1034 | D:4      | Reached skill level 1 in Armour
  1034 | D:4      | Reached skill level 1 in Stealth
  1034 | D:4      | Reached skill level 1 in Shields
  1034 | D:4      | Reached skill level 1 in Unarmed Combat
  1034 | D:4      | Reached skill level 1 in Conjurations
  1034 | D:4      | Reached skill level 1 in Hexes
  1034 | D:4      | Reached skill level 1 in Necromancy
  1034 | D:4      | Reached skill level 1 in Translocations
  1034 | D:4      | Reached skill level 1 in Fire Magic
  1034 | D:4      | Reached skill level 1 in Ice Magic
  1034 | D:4      | Reached skill level 1 in Earth Magic
  1034 | D:4      | Reached skill level 1 in Alchemy
  1034 | D:4      | Reached skill level 1 in Evocations
  1034 | D:4      | Reached XP level 4. HP: 12/32 MP: 2/8
  1247 | D:4      | Reached XP level 5. HP: 37/37 MP: 7/9
  1514 | D:5      | Entered Level 5 of the Dungeon
  1518 | D:5      | Noticed a black bear
  1543 | D:5      | Noticed Ijyb
  1588 | D:5      | Reached XP level 6. HP: 26/44 MP: 1/11
  1589 | D:5      | Killed Ijyb
  1755 | D:6      | Found a staircase to the Ecumenical Temple.
  1764 | Temple   | Entered the Ecumenical Temple
  1773 | Temple   | Became a worshipper of Vehumet
  1974 | D:5      | Killed a black bear
  2012 | D:5      | Noticed a black bear
  2017 | D:5      | Reached XP level 7. HP: 45/50 MP: 0/12
  2103 | D:5      | Reached skill level 9 in Dodging
  2116 | D:5      | Noticed Duvessa
  2219 | D:5      | Noticed Dowan
  2252 | D:5      | Killed Dowan
  2559 | D:7      | Noticed a hornet
  2588 | D:7      | Reached XP level 8. HP: 58/58 MP: 14/14
  2775 | D:7      | Noticed a yak
  2778 | D:7      | Noticed a yak
  2779 | D:7      | Noticed a yak
  2813 | D:7      | Gained mutation: You have hidden genetic potential. [potion
                  | of mutation]
  2813 | D:7      | Gained mutation: You are partially covered in iridescent
                  | scales. (AC +2) [potion of mutation]
  2819 | D:7      | Slain by a yak

Illustrated notes

Levels and vault maps discovered:
D:1:      minmay_arrival_four_loops, layout_basic
D:2:      layout_loops_ring, nrook_campfire
D:3:      layout_loops_cross, serial_shops, nicolae_shop_drivethru,
          chequers_garden, minmay_box_of_dots
D:4:      layout_basic, serial_glass, glass_columns_c, glass_columns_c,
          glass_columns_b, glass_columns_a, glass_columns_a, glass_columns_a,
          glass_columns_c, glass_columns_a, glass_columns_b, glass_columns_b
D:5:      layout_rooms, uniq_ijyb, uniq_duvessa, uniq_crazy_yiuf_cottage
D:6:      layout_loops_ring, minmay_temple_entry_mist, amethyst_killhole,
          kennysheep_boxes
D:7:      layout_loops_ring
Temple:   minmay_temple_curvy_branch

Skill      XL: |  1  2  3  4  5  6  7  8 |
---------------+-------------------------+-----
Invocations    | 1 2 3 |  3.6
Fighting       | 1 2 3 |  3.2
Short Blades   | 1 2 3 |  3.2
Long Blades    | 1 2 3 |  3.2
Axes           | 1 2 3 |  3.2
Maces & Flails | 1 2 3 |  3.2
Polearms       | 1 2 3 |  3.2
Staves         | 1 2 3 |  3.2
Ranged Weapons | 1 2 3 |  3.2
Throwing       | 1 2 3 |  3.2
Armour         | 1 2 3 |  3.2
Stealth        | 1 2 3 |  3.2
Shields        | 1 2 3 |  3.2
Unarmed Combat | 1 2 3 |  3.2
Spellcasting   | 3 4 |  4.3
Conjurations   | 1 2 |  2.6
Hexes          | 1 2 |  2.6
Necromancy     | 1 2 |  2.6
Translocations | 1 2 |  2.6
Fire Magic     | 1 2 |  2.6
Ice Magic      | 1 2 |  2.6
Earth Magic    | 1 2 |  2.6
Alchemy        | 1 2 |  2.6
Evocations     | 1 2 3 |  3.2
Summonings     | 4 |  4.7
Air Magic      | 4 |  4.7
Shapeshifting  | 3 4 |  4.0
Dodging        | 9 |  9.2

Action                     |  1- 3 |  4- 6 |  7- 9 || total
---------------------------+-------+-------+-------++-------
  Melee: Dagger            |    56 |    59 |       ||   115
         Bite              |     6 |     8 |     8 ||    22
         Flail             |       |       |    91 ||    91
  Throw: Dart              |       |     2 |     1 ||     3
         Throwing net      |       |       |     1 ||     1
   Cast: Shock             |    49 |    62 |    14 ||   125
  Evoke: Wand              |     4 |    18 |    16 ||    38
    Use: Potion            |       |     2 |     7 ||     9
         Scroll            |       |     3 |     2 ||     5
   Stab: Sleeping          |     1 |       |     1 ||     2
         Invisible         |       |       |     1 ||     1
 Armour: Robe              |    29 |     2 |       ||    31
         Leather armour    |       |    45 |    94 ||   139
  Dodge: Dodged            |    40 |   100 |    85 ||   225

Table legend: (Time is in decaauts)
 A = Elapsed time spent in this place.
 B = Non-inter-level travel time spent in this place.
 C = Inter-level travel time spent in this place.
 D = Time resting spent in this place.
 E = Time spent auto-exploring this place.
 F = Levels seen in this place.
 G = Mean time per level.
                   A        B        C        D        E       F      G
               +--------+--------+--------+--------+--------+-----+--------+
         Total |   2851 |   2737 |    114 |      0 |   1043 |   8 |  356.4 |
       Dungeon |   2833 |   2727 |    106 |      0 |   1043 |   7 |  404.7 |
        Temple |     17 |      9 |      8 |      0 |      0 |   1 |   17.0 |
               +--------+--------+--------+--------+--------+-----+--------+

Top non-repeatable levels by time:
     D:4: 884 daAuts
     D:5: 540 daAuts
     D:7: 367 daAuts
     D:6: 339 daAuts
     D:3: 313 daAuts
     D:2: 251 daAuts
     D:1: 137 daAuts
  Temple: 17 daAuts
